 Dungeon Crawl Stone Soup version 0.30-a0-1066-g63dfefce0d (webtiles) character file.

Game seed: 4387796411358370391

57 GigaChad the Conjurer (level 3, 0/19 HPs)
             Began as a Deep Elf Conjurer on Apr 12, 2023.
             Succumbed to a scorpion's poison
             ... on level 4 of the Dungeon.
             The game lasted 00:01:28 (1313 turns).

GigaChad the Conjurer (Deep Elf Conjurer)           Turns: 1313, Time: 00:01:29

Health: 0/19       AC:  2    Str:  4    XL:     3   Next: 73%
Magic:  12/19      EV: 12    Int: 24    God:
Gold:   88         SH:  0    Dex: 13    Spells: 8/9 levels left

rFire   . . .      SeeInvis .    n - +0 dagger
rCold   . . .      Faith    .    (no shield)
rNeg    . . .      Spirit   .    a - +0 robe
rPois   .          Reflect  .    (no helmet)
rElec   .          Rampage  .    (no cloak)
rCorr   .                        (no gloves)
Will    .....                    (no boots)
Stlth   ++                       (no amulet)
HPRegen 0.23/turn                d - ring of magical power
MPRegen 0.16/turn                (no ring)

@: lethally poisoned (0 -> -3)
A: no striking features
a: no special abilities


You were on level 4 of the Dungeon.
You visited 1 branch of the dungeon, and saw 3 of its levels.

You collected 88 gold pieces.

Inventory:

Hand Weapons
 n - a +0 dagger (weapon)
Armour
 a - a +0 robe (worn)
Jewellery
 d - a ring of magical power (left hand)
 i - an amulet of guardian spirit
Scrolls
 f - a scroll of amnesia {unknown}
 h - a scroll of enchant weapon
 k - a scroll of noise {unknown}
 l - a scroll of identify {unknown}
 m - a scroll of teleportation {unknown}
Potions
 b - 2 potions of magic
 c - 2 potions of degeneration {unknown}
 e - 2 potions of heal wounds {unknown}
 g - 3 potions of curing {unknown}
 j - a potion of might {unknown}
 o - a potion of berserk rage {unknown}


   Skills:
 + Level 2.8 Dodging
 + Level 2.7 Stealth
 + Level 3.5 Spellcasting
 + Level 5.5 Conjurations


You had 8 spell levels left.
You knew the following spells:

 Your Spells              Type           Power      Damage    Failure   Level
a - Magic Dart            Conj           100%       1d8       1%          1

Your spell library contained the following spells:

 Spells                   Type           Power      Damage    Failure   Level
 Searing Ray              Conj           60%        2d6       1%          2
 Dazzling Flash           Conj/Hex       34%        N/A       10%         3
 Fulminant Prism          Conj/Hex       8%         3d6       32%         4
 Iskenderun's Mystic Bla  Conj/Tloc      17%        2d5       32%         4


Dungeon Overview and Level Annotations

Branches:
Dungeon (2/15)

Altars:


Message History

The magic dart hits the adder.
You kill the adder!
The kobold closely misses you.
The magic dart hits the scorpion.
The scorpion is lightly wounded.
The scorpion closely misses you. The scorpion barely misses you.
A goblin comes into view. It is wielding a +0 dagger.
The kobold misses you.
The magic dart hits the scorpion but does no damage.
The scorpion is lightly wounded.
The scorpion stings you. The kobold barely misses you.
The magic dart hits the scorpion.
The scorpion is moderately wounded.
The scorpion stings you.
You are lethally poisoned!
The scorpion poisons you! The kobold barely misses you.
The magic dart hits the scorpion.
The scorpion is heavily wounded.
You feel very sick. The scorpion barely misses you.
The kobold closely misses you.
You are too injured to fight recklessly!
You are too injured to fight recklessly!
You are too injured to fight recklessly!
You are too injured to fight recklessly!
The kobold attacks as you move away! The kobold hits you but does no damage.
* * * LOW HITPOINT WARNING * * *
You feel very sick.
* * * LOW HITPOINT WARNING * * *
You feel sick. The scorpion barely misses you. The goblin closely misses you.
Found a silvery potion.
* * * LOW HITPOINT WARNING * * *
You feel sick. The scorpion attacks as you move away!
The scorpion stings you but does no damage.
* * * LOW HITPOINT WARNING * * *
You feel sick.
Unknown command.
Unknown command.
The goblin attacks as you move away! The goblin closely misses you.
You die...

##.##.# #.#.#.#.##
..#..#... #
#...#).)#####.###..
.#....#............
.....#....##..###..
!..#...K.## .##
#..^..gs## .(
........@# ...
######.#........
#.#.#.....##
#.#........
#.......###
######.## .# #


You could see a scorpion, a goblin and a kobold.

Vanquished Creatures
  Terence (D:2)
  An adder (D:4)
  2 endoplasms (D:1)
  2 goblins
  4 hobgoblins (D:2)
  4 kobolds
  A ball python (D:2)
  3 bats
  6 rats
24 creatures vanquished.

Notes
Turn   | Place    | Note
-------+----------+-------------------------------------------
     0 | D:1      | GigaChad the Deep Elf Conjurer began the quest for the Orb.
     0 | D:1      | Reached XP level 1. HP: 10/10 MP: 6/6
   385 | D:1      | Reached XP level 2. HP: 15/15 MP: 4/8
   930 | D:2      | Reached skill level 5 in Conjurations
  1154 | D:2      | Noticed Terence
  1160 | D:2      | Killed Terence
  1161 | D:2      | Reached XP level 3. HP: 14/19 MP: 10/10
  1295 | D:2      | You fall into a shaft and drop 2 floors!
  1299 | D:4      | Noticed a scorpion
  1313 | D:4      | Succumbed to a scorpion's poison

Illustrated notes

Levels and vault maps discovered:
D:1:      mushboom_english_gardens, layout_basic
D:2:      layout_loops_corners, hex_large, uniq_terence
D:4:      cheibrodos_fertilizer, layout_loops_ring, serial_shops,
          nicolae_diamond_shop, serial_park_tiny_1, minmay_increasing_density

Skill      XL: |  1  2 |
---------------+-------+-----
Conjurations   | 5 |  5.5
Dodging        | |  2.8
Stealth        | |  2.7
Spellcasting   | |  3.5

Action                     || total
---------------------------++-------
   Cast: Magic Dart        ||    52
    Use: Scroll            ||     1
 Armour: Robe              ||     5
  Dodge: Dodged            ||    17

Table legend: (Time is in decaauts)
 A = Elapsed time spent in this place.
 B = Non-inter-level travel time spent in this place.
 C = Inter-level travel time spent in this place.
 D = Time resting spent in this place.
 E = Time spent auto-exploring this place.
 F = Levels seen in this place.
 G = Mean time per level.
                   A        B        C        D        E       F      G
               +--------+--------+--------+--------+--------+-----+--------+
         Total |   1311 |   1296 |     15 |      0 |   1167 |   3 |  437.0 |
       Dungeon |   1311 |   1296 |     15 |      0 |   1167 |   3 |  437.0 |
               +--------+--------+--------+--------+--------+-----+--------+

Top non-repeatable levels by time:
     D:1: 741 daAuts
     D:2: 552 daAuts
     D:4: 17 daAuts
